 Dungeon Crawl Stone Soup version 0.28-a0-474-g535839065c (webtiles) character file.

Game seed: 9450149900085314875

0 spiderkeys the Skirmisher (level 1, -3/16 HPs)
             Began as an Octopode Abyssal Knight on Sept 15, 2021.
             Was a Follower of Lugonu.
             Killed from afar by a wretched star (11 damage)
             ... with a lance of force
             ... on level 4 of the Abyss.
             The game lasted 00:01:49 (288 turns).

spiderkeys the Skirmisher (Octopode Abyssal Knight)  Turns: 288, Time: 00:01:50

Health: -3/16      AC:  1    Str: 11    XL:     1   Next: 0%
Magic:  2/2        EV: 13    Int: 14    God:    Lugonu [*.....]
Gold:   0          SH:  0    Dex: 11    Spells: 0/0 levels left

rFire   . . .      SeeInvis .   a - +2 spear
rCold   . . .      Faith    .   (no shield)
rNeg    . . .      Spirit   .   (helmet restricted)
rPois   .          Reflect  .   (no amulet)
rElec   .          Harm     .   (no ring)
rCorr   .          Rampage  .   (no ring)
Will    .....                   (no ring)
Stlth   ++........              (no ring)
HPRegen 0.05/turn               (no ring)
MPRegen 0.08/turn               (no ring)
                                (no ring)
                                (no ring)

@: no status effects
A: almost no armour, amphibious, 8 rings, camouflage 1, gelatinous body 1,
(nimble swimmer 1), tentacles
a: Renounce Religion, Depart the Abyss


You were on level 4 of the Abyss.
You worshipped Lugonu.
Lugonu was aware of your devotion.
You visited 0 branches of the dungeon, and saw 0 of its levels.
You visited the Abyss 1 time.


Innate Abilities, Weirdness & Mutations

You cannot wear most types of armour.
You are amphibious.
You can wear up to eight rings at the same time.
Your skin changes colour to match your surroundings (Stealth+).
Your rubbery body absorbs attacks. (AC +1, EV +1)
((You are camouflaged near water. (Stealth+)))
You have tentacles for arms and can constrict up to eight enemies at once.


   Skills:
 + Level 3.0 Fighting
 + Level 2.0 Polearms
 + Level 2.3 Dodging
 + Level 2.0 Invocations


You couldn't memorise any spells.
You didn't know any spells.
Your spell library was empty.

Inventory:

Hand Weapons
 a - a +2 spear (weapon)
Scrolls
 e - a scroll of enchant weapon
 f - a scroll of teleportation {unknown}
Potions
 b - a potion of heal wounds {unknown}
 c - a potion of lignification {unknown}
 d - a potion of might {unknown}

Dungeon Overview and Level Annotations

Branches:
Dungeon (0/15)

Altars:

....#.4X## #.#....# .
. #. .#_#...#...#...##
.. ..# . .#
..#.....#.. # .. . .
.. .. #.........###.#
....#... .#........
... .# #.
4....##...##. ...#.. #
. ##(..##..#. .#.# ..#
.. ... .∩.##...###.#.#
.## . .. .. .
#..@..wX4## .. ##.
........#..w...##
#........######*.##..#
. ... ##### #...##.
..##((X# ...>....#. ..
* .....#.#.. # ....#(
*)X .*...##..## ..#?[[
[?? .. φ.. #∩.. .#?
([φ .#


You could see a tentacled starspawn, a wretched star, a chaos spawn and 2
starspawn tentacles.


Message History

🤖 Initializing magus.rc ...
Options error: Delay interrupt name "hungry" not recognised. (~/.crawlrc:4988) ✅ Successfully initialized magus.rc [v1.9.10] Welcome, spiderkeys the Octopode Abyssal Knight.
Will you be the one to retrieve the awesome Orb of Zot from the depths?
Lugonu says: Depart the Abyss and spread corruption, my servant! (use the ability menu to exit the Abyss) Press ? for a list of commands and other information.
Found a corrupted altar of Lugonu.
b - a scroll labelled ADUFEA PAMELA
As you read the scroll labelled ADUFEA PAMELA, it crumbles to dust.
You feel momentarily disoriented.
It was a scroll of magic mapping.
There is a corrupted altar of Lugonu here.
Found a gateway leading out of the Abyss.
There is a gateway leading out of the Abyss here.
b - a scroll labelled DIBAGO YVAC
As you read the scroll labelled DIBAGO YVAC, it crumbles to dust.
It is a scroll of enchant weapon.
Your +1 spear glows red for a moment.
Found a gateway leading deeper into the Abyss.
Found a corrupted altar of Lugonu.
There is a gateway leading deeper into the Abyss here.
You plunge deeper into the Abyss.
b - a puce potion
c - a murky cyan potion
d - a sapphire potion
Found a gateway leading deeper into the Abyss.
There is a gateway leading deeper into the Abyss here.
There is a gateway leading deeper into the Abyss here.
You plunge deeper into the Abyss.
The abyssal rune of Zot can be found at this depth.
Found a gateway leading deeper into the Abyss.
Found a gateway leading deeper into the Abyss.
Found two gateways leading deeper into the Abyss.
A neqoxec comes into view.
An angel comes into view.
It is wielding a +1 sacred scourge of holy wrath.
An earth elemental comes into view.
Found a gateway leading deeper into the Abyss.
There is a gateway leading deeper into the Abyss here.
The angel shouts!
You plunge deeper into the Abyss.
The abyssal rune of Zot can be found at this depth.
Found three items.
Found a corrupted altar of Lugonu.
e - a scroll of enchant weapon You see here a scroll labelled TEELARI VYEFEC.
f - a scroll labelled TEELARI VYEFEC
Found a gateway leading deeper into the Abyss.
The orange demon screeches!
A tentacled starspawn comes into view.
The tentacled starspawn closely misses you.
The tentacled starspawn tentacle-slaps you. 😕 HP[-1]
You take 1 damage, and now have 15/16 hp.
Tentacles burst from the starspawn's body! 2 starspawn tentacles come into view.
The starspawn tentacle grabs you.
The starspawn tentacle constricts you. 😮 HP[-3]
You take 3 damage, and now have 12/16 hp.
You escape the starspawn tentacle's grasp.
The thrashing horror roars!
You hear a roar!
Found seven items.
Found a gateway leading out of the Abyss.
The thrashing horror roars!
A chaos spawn comes into view. 😕 HP[+1]
The chaos spawn gurgles horribly!
A tentacle flies out from the starspawn's body!
A starspawn tentacle comes into view.
A starspawn tentacle comes into view.
The starspawn tentacle grabs you.
The starspawn tentacle constricts you. 😮 HP[-3]
You take 3 damage, and now have 10/16 hp.
You escape the starspawn tentacle's grasp.
The starspawn tentacle barely misses you.
A starspawn tentacle segment comes into view.
The starspawn tentacle grabs you. The starspawn tentacle constricts you.
* * * LOW HITPOINT WARNING * * *
😨 HP[-3]
You take 3 damage, and now have 7/16 hp.
You escape the starspawn tentacle's grasp.
The starspawn tentacle misses you.
The starspawn tentacle barely misses you.
Tentacles burst from the starspawn's body! 2 starspawn tentacles come into view. 😨 HP[+1]
A wretched star comes into view.
Tentacles burst from the starspawn's body! 2 starspawn tentacles come into view.
The wretched star glows turbulently.
The lance of force hits you!
Ouch! That really hurt!
You die...

Action                   || total
-------------------------++-------
  Use: Scroll            ||     2
Dodge: Dodged            ||     4

Levels and vault maps discovered:
Abyss:4:  base: Temple, hangedman_grunt_abyss_rune_horror_hoard

Notes
Turn   | Place    | Note
-------+----------+-------------------------------------------
     0 | Abyss:1  | spiderkeys the Octopode Abyssal Knight began the quest for
                  | the Orb.
     0 | Abyss:1  | Reached XP level 1. HP: 16/16 MP: 2/2
     0 | Abyss:1  | magus.rc [v1.9.10]
   103 | Abyss:1  | Found a corrupted altar of Lugonu.
   221 | Abyss:3  | Noticed a neqoxec
   226 | Abyss:3  | Noticed an angel
   231 | Abyss:3  | Noticed an earth elemental
   234 | Abyss:4  | Found a corrupted altar of Lugonu.
   246 | Abyss:4  | Noticed an orange demon
   247 | Abyss:4  | Noticed a tentacled starspawn
   256 | Abyss:4  | Noticed a thrashing horror
   258 | Abyss:4  | Noticed a thrashing horror
   258 | Abyss:4  | Noticed a thrashing horror
   258 | Abyss:4  | Noticed a thrashing horror
   260 | Abyss:4  | Noticed a chaos spawn
   264 | Abyss:4  | Found a corrupted altar of Lugonu.
   281 | Abyss:4  | Noticed a wretched star
   288 | Abyss:4  | Killed from afar by a wretched star

Vanquished Creatures (others)
  6 starspawn tentacles (Abyss:4)
6 creatures vanquished.

Table legend:
 A = Non-vault XP
 B = Vault XP
 C = Vault XP percentage of total XP
 D = Non-vault monster count
 E = Vault monster count
 F = Vault count percentage of total count
                 A         B        C        D         E       F
            +---------+---------+-------+---------+---------+-------
      Total |       0 |       0 |   N/A |       0 |       0 |  -nan
            +---------+---------+-------+---------+---------+-------
            +---------+---------+-------+---------+---------+-------

Illustrated notes

Table legend: (Time is in decaauts)
 A = Elapsed time spent in this place.
 B = Non-inter-level travel time spent in this place.
 C = Inter-level travel time spent in this place.
 D = Time resting spent in this place.
 E = Time spent auto-exploring this place.
 F = Levels seen in this place.
 G = Mean time per level.
                   A        B        C        D        E       F      G
               +--------+--------+--------+--------+--------+-----+--------+
         Total |    287 |    287 |      0 |      0 |     98 |   4 |   71.8 |
         Abyss |    287 |    287 |      0 |      0 |     98 |   4 |   71.8 |
               +--------+--------+--------+--------+--------+-----+--------+

Top non-repeatable levels by time:
 Abyss:1: 140 daAuts
 Abyss:4: 53 daAuts
 Abyss:2: 48 daAuts
 Abyss:3: 44 daAuts
